 Dungeon Crawl Stone Soup version 0.21.0-3-g78d12a8bdd (webtiles) character file.

569 Jannitor the Sneak (level 7, -1/52 HPs)
             Began as a Vampire Hunter on Jan 11, 2018.
             Slain by a sky beast (6 damage)
             ... on level 5 of the Dungeon.
             The game lasted 00:08:36 (4393 turns).

Jannitor the Sneak (Vampire Hunter)                 Turns: 4393, Time: 00:08:36

Health: -1/52      AC:  5    Str: 13    XL:     7   Next: 11%
Magic:  7/7        EV: 13    Int: 14    God:
Gold:   268        SH:  0    Dex: 14    Spells: 6/6 levels left

rFire    . . .     SeeInvis +   o - +2 dagger (venom)
rCold    . . .     Gourm    .   (no shield)
rNeg     . . .     Faith    +   b - +0 leather armour
rPois    +         Spirit   .   (no helmet)
rElec    .         Reflect  .   (no cloak)
rCorr    .         Harm     .   n - +1 pair of gloves
MR       .....                  (no boots)
Stlth    +++.......             h - amulet of faith
HPRegen  0.37/turn              l - ring of poison resistance
MPRegen  0.10/turn              (no ring)

@: regenerating quickly
A: fangs 3, see invisible, unbreathing
a: no special abilities


You were on level 5 of the Dungeon.
You were full.

You visited 1 branch of the dungeon, and saw 5 of its levels.

You collected 268 gold pieces.

Inventory:

Hand Weapons
 a - a +0 short sword
 g - a +0 dagger of speed
 o - a +2 dagger of venom (weapon)
Missiles
 c - 5 javelins (quivered)
Armour
 b - a +0 leather armour (worn)
 n - a +1 pair of gloves (worn)
Jewellery
 h - an amulet of faith (around neck)
 l - a ring of poison resistance (left hand)
Wands
 t - a wand of clouds (2)
Scrolls
 j - a scroll of blinking
 k - 3 scrolls of identify
Potions
 e - 4 potions of blood
 f - a potion of curing
 m - a potion of brilliance
 p - a potion of magic


   Skills:
 + Level 3.5 Fighting
 + Level 3.4 Short Blades
 + Level 4.3 Throwing
 + Level 4.2 Dodging
 + Level 5.3 Stealth


You had 6 spell levels left.
You didn't know any spells.

Dungeon Overview and Level Annotations

Branches:
Dungeon (5/15)
 Temple: D:4-7

Altars:
Fedhas
Kikubaaqudgha
Ru
Yredelemnul

Annotations:
D:4 Menkaure


Innate Abilities, Weirdness & Mutations

Your natural rate of healing is unusually fast.
You have razor-sharp teeth.
You have supernaturally acute eyesight. (SInv)
You can survive without breathing.


Message History

You throw a throwing net. The throwing net hits the ogre.
The ogre is caught in the net!
The ogre is almost dead.
The ogre struggles against the net.
The ogre struggles against the net.
You kill the ogre!
You have reached level 7!
You hear the rusting of a distant drain.
The sky beast flickers out of sight for a moment.
Throwing (i - inventory. (,) - cycle):
d - a throwing net (quivered)
Press: ? - help, Shift-Dir - straight line, f - sky beast
Aim: a sky beast (slightly transparent)
You throw a throwing net.
The throwing net barely misses the sky beast.
You closely miss the sky beast.
You bite the sky beast, but do no damage.
The sky beast hits you.
* * * LOW HITPOINT WARNING * * *
The sky beast shocks you.
You die...

....(.............# #
########.####.#.#.# #
#......#.#.# # #..###.#.#.# #
#).# #.#.#.# # #..###.#.#.# #
#..#...#.#.# #
############..#####.#.###########
(........).....Y@...#............
.###########..#####.#.###########
## #### ##### #


You could see a sky beast.

Vanquished Creatures
  A human (D:5)
  An ogre (D:5)
  2 hounds
  A jelly (D:5)
  A centaur skeleton (D:4)
  An orc priest (D:4)
  2 orc wizards (D:4)
  A hound skeleton (D:4)
  6 adders
  An ooze (D:3)
  4 worms
  A dart slug (D:1)
  2 leopard geckos
  4 orcs
  5 giant cockroaches
  13 goblins
  5 hobgoblins
  2 ball pythons (D:1)
  8 bats
  4 frilled lizards
  6 kobolds
  5 rats
76 creatures vanquished.

Notes
Turn   | Place    | Note
-------+----------+-------------------------------------------
     0 | D:1      | Jannitor the Vampire Hunter began the quest for the Orb.
     0 | D:1      | Reached XP level 1. HP: 16/16 MP: 1/1
   211 | D:1      | Reached skill level 2 in Stealth
   469 | D:1      | Reached XP level 2. HP: 22/22 MP: 2/2
  1074 | D:1      | Reached skill level 1 in Short Blades
  1115 | D:1      | Reached XP level 3. HP: 17/27 MP: 3/3
  2163 | D:3      | Reached skill level 3 in Stealth
  2163 | D:3      | Reached XP level 4. HP: 19/34 MP: 4/4
  3214 | D:4      | Reached XP level 5. HP: 33/39 MP: 5/5
  3306 | D:4      | Reached skill level 4 in Stealth
  3331 | D:4      | Reached XP level 6. HP: 47/47 MP: 6/6
  3868 | D:4      | Noticed Menkaure
  4032 | D:5      | Entered Level 5 of the Dungeon
  4076 | D:5      | Found a sacrificial altar of Ru.
  4077 | D:5      | Found an ancient bone altar of Kikubaaqudgha.
  4077 | D:5      | Found a blossoming altar of Fedhas.
  4106 | D:5      | Found a runed door.
  4106 | D:5      | Noticed a human
  4110 | D:5      | Found a basalt altar of Yredelemnul.
  4157 | D:5      | Killed a human
  4157 | D:5      | Reached skill level 5 in Stealth
  4369 | D:5      | Noticed a sky beast
  4379 | D:5      | HP: 1/47 [ogre/giant club (17)]
  4386 | D:5      | Reached XP level 7. HP: 4/52 MP: 7/7
  4393 | D:5      | Slain by a sky beast

Skill      XL: |  1  2  3  4  5  6 |
---------------+-------------------+-----
Stealth        | 2 3 4 5 |  5.3
Fighting       | 2 3 |  3.5
Short Blades   | 1 2 3 |  3.4
Dodging        | 3 4 |  4.2
Throwing       | 4 |  4.3

Action                   |  1- 3 |  4- 6 |  7- 9 || total
-------------------------+-------+-------+-------++-------
Melee: Short sword       |    27 |       |       ||    27
       Bite              |    19 |    19 |     1 ||    39
       Dagger            |   207 |   266 |     1 ||   474
Throw: Javelin           |       |     2 |       ||     2
       Throwing net      |       |     1 |     1 ||     2
Evoke: Wand              |       |     2 |       ||     2
  Use: Potion            |     9 |    17 |       ||    26
       Scroll            |       |    11 |       ||    11
 Stab: Sleeping          |     5 |     4 |       ||     9
Armor: Leather armour    |    36 |    41 |       ||    77
       Skin              |       |    37 |       ||    37
Dodge: Dodged            |    93 |    91 |       ||   184
